 Dungeon Crawl Stone Soup version 0.30.0-10-gfe55d96785 (console) character file.

Game seed: 2866291003545629558

106 Banquo the Magician (level 5, -5/38 HPs)
             Began as a Djinni Air Elementalist on May 16, 2023.
             Killed by nerve-wracking pain
             ... invoked by Grinder
              (14 damage)
             ... on level 4 of the Dungeon.
             The game lasted 00:07:06 (3042 turns).

Banquo the Magician (Djinni Air Elementalist)       Turns: 3042, Time: 00:07:07

Health: -5/38      AC:  2    Str:  7    XL:     5   Next: 10%
Gold:   118        EV: 12    Int: 18    God:
                   SH:  0    Dex: 14

rFire   + + .        c - +0 short sword
rCold   x . .        (no shield)
rNeg    . . .        a - +0 robe
rPois   ∞            (no helmet)
rElec   .            (no cloak)
rCorr   .            (no gloves)
SInv    .            (boots unavailable)
Will    .....        (no amulet)
Stlth   ++           (no ring)
HPRegen 0.26/turn    (no ring)
MPRegen 0.00/turn

%: infuse magic (-6 HP)
@: flying
A: sickness immunity, fire resistance 2, cold vulnerability 1, float, innate
caster, HP casting, extra vitality 1
a: no special abilities


You were on level 4 of the Dungeon.
You visited 1 branch of the dungeon, and saw 4 of its levels.

You collected 118 gold pieces.

Inventory:

Hand Weapons
 c - a +0 short sword (weapon)
 m - a +0 war axe
Missiles
 h - 6 javelins
Armour
 a - a +0 robe (worn)
Jewellery
 o - a ring of flight
Scrolls
 d - 2 scrolls of blinking {unknown}
 e - a scroll of magic mapping {unknown}
 k - 2 scrolls of poison {unknown}
 l - a scroll of silence {unknown}
 n - 2 scrolls of immolation
Potions
 b - a potion of mutation {unknown}
 f - a potion of lignification {unknown}
 g - 3 potions of curing {unknown}
 i - 3 potions of haste
 j - a potion of cancellation {unknown}


   Skills:
 * Level 1.7 Fighting
 - Level 2.1 Dodging
 - Level 1.5 Stealth
 + Level 3.8 Spellcasting


You knew the following spells:

 Your Spells              Type           Power      Damage    Failure   Level
a - Shock                 Conj/Air       68%        1d7       3%          1
b - Ensorcelled Hibernat  Hex/Ice        34%        N/A       4%          2
d - Static Discharge      Conj/Air       34%        2-4/arc   4%          2
e - Apportation           Tloc           34%        N/A       3%          1
z - Airstrike             Air            8%         2d(2-18)  30%         4
M - Swiftness             Air            17%        N/A       9%          3
Your spell library was empty.

Dungeon Overview and Level Annotations

Branches:
Dungeon (4/15)
 Temple: D:4-7

Altars:
Elyvilon

Shops:
D:1 =[   D:3 (

Annotations:
D:4 Grinder


Innate Abilities, Weirdness & Mutations

You are immune to sickness and miasma.
You are immune to poison.
Your flesh is very heat resistant. (rF++)
You are vulnerable to cold. (rC-)
You float through the air rather than walking.
You learn spells naturally, not from books.
Your magical power is your life essence.
You have superior vitality. (+4 MHP)


Message History

Casting: Shock (safe; 3% risk of failure)
Confirm with . or Enter, or press ? or * to list all spells.
Aiming: Shock (safe; 3% risk of failure)
Press: ? - help, Shift-Dir - straight line, f/p - Grinder
Aim: Grinder (lightly wounded, fast, 68% to hit)
The zap hits Grinder.
Grinder is lightly wounded.
Grinder misses you.
Unknown command.
Casting: Shock (safe; 3% risk of failure)
Confirm with . or Enter, or press ? or * to list all spells.
Aiming: Shock (safe; 3% risk of failure)
Press: ? - help, Shift-Dir - straight line, f/p - Grinder
Aim: Grinder (lightly wounded, fast, 68% to hit)
The zap hits Grinder.
Grinder is moderately wounded.
Grinder gestures at you. Pain shoots through your body! Grinder hits you.
* * * LOW HITPOINT WARNING * * *
Casting: Shock (safe; 3% risk of failure)
Confirm with . or Enter, or press ? or * to list all spells.
Aiming: Shock (safe; 3% risk of failure)
Press: ? - help, Shift-Dir - straight line, f/p - Grinder
Aim: Grinder (moderately wounded, fast, 68% to hit)
The zap hits Grinder.
Grinder is moderately wounded.
* * * LOW HITPOINT WARNING * * *
Grinder barely misses you.
Casting: Shock (safe; 3% risk of failure)
Confirm with . or Enter, or press ? or * to list all spells.
Aiming: Shock (safe; 3% risk of failure)
Press: ? - help, Shift-Dir - straight line, f/p - Grinder
Aim: Grinder (moderately wounded, fast, 68% to hit)
The zap hits Grinder but does no damage.
Grinder is moderately wounded.
* * * LOW HITPOINT WARNING * * *
Grinder completely misses you. Grinder gestures at you.
Pain shoots through your body!
You die...

#+# #.#...........## ..# #.#
#..............#...)
#.###....##........#.... ._#
#.#.##............# #.#
#...###........## #.#
#...##..........#
...###'###..............## ..
#.................###...##...
#....##........@5..##.........
##.## #..#..............##....
# #..#.............## ...
##.##.........#..## ..
#.<##..##..)..#.## .
#............#.#..
#....#.......###...
##...#.....### .....
##........# ......


You could see Grinder (fast).

Vanquished Creatures
  Robin (D:2)
  2 adders (D:2)
  A worm (D:2)
  2 dart slugs
  A ball python (D:1)
  6 endoplasms
  3 giant cockroaches
  14 goblins
  8 hobgoblins
  7 jackals
  3 quokkas (D:1)
  4 bats
  A frilled lizard (D:1)
  6 kobolds
  3 rats
62 creatures vanquished.

Notes
Turn   | Place    | Note
-------+----------+-------------------------------------------
     0 | D:1      | Banquo the Djinni Air Elementalist began the quest for the
                  | Orb.
     0 | D:1      | Banquo set off with the following spells memorised: Shock,
                  | Static Discharge, Swiftness, Airstrike.
     0 | D:1      | Reached XP level 1. HP: 15/15 MP: 0/0
   143 | D:1      | Reached XP level 2. HP: 14/22 MP: 0/0
   300 | D:1      | Reached skill level 3 in Spellcasting
   323 | D:1      | Reached XP level 3. HP: 25/26 MP: 0/0
   323 | D:1      | Learned a level 1 spell: Apportation
   377 | D:1      | Reached skill level 1 in Fighting
   484 | D:1      | Found Pycryf's One-of-a-Kind Rings.
   529 | D:1      | Found Tiamnorch's Armour Shop.
   941 | D:2      | Reached XP level 4. HP: 19/32 MP: 0/0
  1179 | D:2      | Noticed Robin
  1189 | D:2      | Killed Robin
  1315 | D:2      | Found a faded altar of an unknown god.
  1838 | D:2      | Reached XP level 5. HP: 36/38 MP: 0/0
  1838 | D:2      | Learned a level 2 spell: Ensorcelled Hibernation
  1857 | D:2      | Found a faded altar of an unknown god.
  2221 | D:3      | Noticed an ogre
  2332 | D:3      | Found Teol's Weapon Shoppe.
  3008 | D:4      | Found a white marble altar of Elyvilon.
  3027 | D:4      | Noticed Grinder
  3042 | D:4      | Killed from afar by Grinder

Illustrated notes

Levels and vault maps discovered:
D:1:      minmay_arrival_floating_metal, layout_rooms, serial_shops, shop,
          nicolae_shop_unique_rings, minmay_misc_feat_more_columns,
          minmay_tetromino_l4
D:2:      layout_loops_ring, hellmonk_ecumenical_altar_blasted,
          chequers_mini_garden, uniq_robin
D:3:      layout_basic, serial_shops, shop, grunt_decor_fettered
D:4:      layout_cave_pools, grunt_temple_overflow_lords_of_destruction,
          lemuel_doored_altar, nicolae_overflow_hidden_temple,
          ebering_ghost_inner_flame, minmay_shop_grid_forest,
          minmay_misc_feat_nine_boxes, minmay_statues_item, uniq_grinder

Skill      XL: |  1  2  3 |
---------------+----------+-----
Spellcasting   | 3 |  3.8
Fighting       | 1 |  1.7
Dodging        | |  2.1
Stealth        | |  1.5

Action                     |  1- 3 |  4- 6 || total
---------------------------+-------+-------++-------
   Cast: Shock             |    79 |    72 ||   151
 Armour: Robe              |     4 |       ||     4
  Dodge: Dodged            |     6 |     8 ||    14
